 Dungeon Crawl Stone Soup version 0.22.1-1-ga44c0e5 (webtiles) character file.

2402 brandon the Cleaver (level 9, -5/80 HPs)
             Began as a Minotaur Berserker on Oct 1, 2018.
             Was a Priest of Trog.
             Slain by an orc
             ... wielding a +0 flail
              (9 damage)
             ... on level 6 of the Dungeon.
             The game lasted 00:11:18 (6006 turns).

brandon the Cleaver (Minotaur Berserker)            Turns: 6006, Time: 00:11:19

Health: -5/80      AC:  7    Str: 21    XL:     9   Next: 23%
Magic:  0/8        EV:  9    Int:  4    God:    Trog [***...]
Gold:   321        SH: 15    Dex: 14    Spells: 8/8 levels left

rFire    . . .     SeeInvis .   C - +4 hand axe (curse)
rCold    . . .     Gourm    .   q - +0 large shield
rNeg     . . .     Faith    .   s - +0 leather armour (curse)
rPois    .         Spirit   +   (helmet restricted)
rElec    .         Reflect  .   m - +1 cloak
rCorr    .         Harm     .   b - +0 pair of gloves
MR       .....                  (no boots)
Stlth    +.........             v - amulet of guardian spirit
HPRegen  0.23/turn              (no ring)
MPRegen  0.11/turn              (no ring)

@: berserk cooldown, slowed, drained, very slow
A: retaliatory headbutt, horns 2
a: Berserk, Trog's Hand, Renounce Religion


You were on level 6 of the Dungeon.
You worshipped Trog.
Trog was most pleased with you.
You were not hungry.

You visited 1 branch of the dungeon, and saw 6 of its levels.

You collected 321 gold pieces.

Inventory:

Hand Weapons
 C - a cursed +4 hand axe (weapon)
Armour
 b - a +0 pair of gloves (worn)
 m - a +1 cloak (worn)
 q - a +0 large shield (worn)
 s - a cursed +0 leather armour (worn)
Magical Staves
 B - an uncursed staff of earth {unknown}
Jewellery
 l - an uncursed ring of fire
 v - an amulet of guardian spirit (around neck)
 y - a cursed -2 ring of intelligence {unknown}
Scrolls
 d - 12 scrolls of identify {unknown}
 e - 2 scrolls of remove curse {unknown}
 f - 2 scrolls of teleportation {unknown}
 g - a scroll of fog {unknown}
 h - 2 scrolls of fear {unknown}
 k - 4 scrolls of immolation {unknown}
 p - 2 scrolls of enchant armour {unknown}
 w - a scroll of amnesia {unknown}
Potions
 i - 2 potions of haste {unknown}
 j - 2 potions of agility {unknown}
 n - 5 potions of curing {unknown}
 o - 3 potions of degeneration {unknown}
 r - 2 potions of heal wounds
 t - a potion of ambrosia {unknown}
 u - 3 potions of cancellation {unknown}
 x - 2 potions of mutation {unknown}
 z - a potion of flight {unknown}
 A - a potion of experience {unknown}
Comestibles
 c - 11 rations


   Skills:
 + Level 7.7(7.5) Fighting
 * Level 10.0(9.7) Axes
 + Level 7.0(6.7) Armour
 - Level 3.2(3.0) Dodging
 + Level 5.8(5.5) Shields


You had 8 spell levels left.
You didn't know any spells.
Your spell library was empty.

Dungeon Overview and Level Annotations

Branches:
Dungeon (6/15)             Temple (0/1) D:5

Altars:
Cheibriados
Dithmenos
Kikubaaqudgha
Makhleb
Nemelex Xobeh
Qazlal
Trog
Uskayaw


Innate Abilities, Weirdness & Mutations

You reflexively headbutt those who attack you in melee.
You have a pair of horns on your head.


Message History

The magic dart hits you!
* * * LOW HITPOINT WARNING * * *
You block the orc wizard's attack. You block the orc's attack.
You hit the orc wizard but do no damage.
You headbutt the orc wizard.
The orc wizard is heavily wounded.
You hit the orc.
You kill the orc!
Trog accepts your kill. You block the orc wizard's attack.
You slash the orc wizard!
You kill the orc wizard!
Trog accepts your kill.
Trog appreciates your killing of a magic user.
Your base Armour skill increases to level 7!
Unknown command.
You hit the orc.
The orc is moderately wounded.
The orc hits you with a flail!
You die...

)..# .# ##.####### ##.#
.......... #. ..####
...†...... .. .....
..........<#.. ....# .
........##.#.# #.#.#..#
.#......##.#.#####.._p.p.
>..........p.....o)# ....
###.............@#)# ....
........##.......#o# .....
###.....##.......#.#####.....
.....)..)....÷...#.##......#
###.....##...))..#)##.$....#
########...)...#).†......#
#######...#)†..####
#.....#...#....####
#.......[......o...


You could see an orc and 2 neutral freed slaves.

Vanquished Creatures
  Pikel (D:6)
  Prince Ribbit (D:6)
  Eustachio (D:5)
  An orc warrior (D:6)
  A sky beast (D:5)
  2 ogres (D:5)
  A phantom (D:5)
  2 bullfrogs (D:6)
  A scorpion (D:4)
  A wight (D:6)
  3 crimson imps
  A centaur zombie (D:5)
  2 hounds
  4 orc priests
  3 iguanas
  5 worker ants
  Natasha (thrice) (D:4)
  7 orc wizards
  4 gnolls (D:3)
  12 adders
  A dart slug (D:1)
  A leopard gecko (D:5)
  13 orcs
  2 giant cockroaches
  6 goblins
  6 hobgoblins
  13 jackals
  5 kobolds
  2 quokkas
  2 ball pythons
  8 bats
  2 frilled lizards
  A leopard gecko zombie (D:5)
  3 rats (D:2)
121 creatures vanquished.

Vanquished Creatures (others)
  A slave (D:6)
  2 wights (D:6)
  A howler monkey (D:6)
4 creatures vanquished.

Grand Total: 125 creatures vanquished

Notes
Turn   | Place    | Note
-------+----------+-------------------------------------------
     0 | D:1      | brandon the Minotaur Berserker began the quest for the Orb.
     0 | D:1      | Reached XP level 1. HP: 19/19 MP: 0/0
   153 | D:1      | Reached XP level 2. HP: 25/27 MP: 1/1
   324 | D:1      | Reached skill level 4 in Axes
   935 | D:2      | Reached XP level 3. HP: 33/33 MP: 2/2
  1077 | D:2      | Found an ancient bone altar of Kikubaaqudgha.
  1100 | D:2      | Reached ** piety under Trog
  1597 | D:3      | Reached XP level 4. HP: 16/41 MP: 3/3
  1992 | D:3      | Reached skill level 5 in Axes
  1992 | D:3      | Reached XP level 5. HP: 39/47 MP: 4/4
  2015 | D:3      | Found a burning altar of Makhleb.
  2249 | D:3      | Found a sparkling altar of Nemelex Xobeh.
  2642 | D:3      | Found a shadowy altar of Dithmenos.
  3036 | D:4      | Noticed Natasha
  3044 | D:4      | Killed Natasha
  3044 | D:4      | Reached skill level 1 in Shields
  3045 | D:4      | Reached skill level 5 in Fighting
  3045 | D:4      | Reached XP level 6. HP: 44/56 MP: 5/5
  3227 | D:4      | Reached skill level 6 in Axes
  4008 | D:4      | Noticed Natasha
  4015 | D:4      | Killed Natasha
  4133 | D:4      | Noticed Natasha
  4141 | D:4      | Killed Natasha
  4179 | D:4      | Reached XP level 7. HP: 40/61 MP: 6/6
  4556 | D:5      | Entered Level 5 of the Dungeon
  4649 | D:5      | Reached *** piety under Trog
  4649 | D:5      | Reached skill level 7 in Axes
  4770 | D:5      | Reached skill level 5 in Armour
  4862 | D:5      | Found a staircase to the Ecumenical Temple.
  4918 | D:5      | Noticed Eustachio
  4920 | D:5      | Found a hide-covered altar of Uskayaw.
  4952 | D:5      | Killed Eustachio
  4952 | D:5      | Reached XP level 8. HP: 45/71 MP: 4/7
  4975 | D:5      | Found a stormy altar of Qazlal.
  4976 | D:5      | Found a bloodstained altar of Trog.
  5096 | D:5      | Reached skill level 8 in Axes
  5837 | D:6      | Noticed Pikel
  5847 | D:6      | Killed Pikel
  5847 | D:6      | Reached skill level 9 in Axes
  5847 | D:6      | Reached skill level 5 in Shields
  5882 | D:6      | Reached XP level 9. HP: 46/79 MP: 4/8
  5898 | D:6      | Found a snail-covered altar of Cheibriados.
  5905 | D:6      | Noticed Prince Ribbit
  5926 | D:6      | Killed Prince Ribbit
  5985 | D:6      | Reached skill level 10 in Axes
  6002 | D:6      | HP: 3/80 [orc wizard/magic dart (4)]
  6006 | D:6      | Slain by an orc

Skill      XL: |  1  2  3  4  5  6  7  8  9 |
---------------+----------------------------+-----
Fighting       | 4 5 6 7 |  7.7
Axes           | 4 5 6 7 9 10 | 10.0
Armour         | 3 4 5 6 7 |  7.0
Dodging        | 3 |  3.2
Shields        | 1 2 3 5 |  5.8

Action                   |  1- 3 |  4- 6 |  7- 9 || total
-------------------------+-------+-------+-------++-------
Melee: Hand axe          |    63 |   111 |   202 ||   376
       Headbutt          |     7 |    19 |    37 ||    63
Invok: Berserk           |       |     3 |     4 ||     7
 Stab: Sleeping          |     1 |       |       ||     1
  Eat: Chunk             |     2 |     8 |     4 ||    14
       Ration            |       |     1 |     2 ||     3
Armor: Animal skin       |    30 |     8 |       ||    38
       Leather armour    |       |    19 |    53 ||    72
Dodge: Dodged            |    66 |    47 |    38 ||   151
Block: Large shield      |       |    55 |   165 ||   220
